 Dungeon Crawl Stone Soup version 0.31.0-12-g77e489cdc1 (webtiles) character file.

Game seed: 4526709348015815207

2076225 EonDragon20 the Shapeless Merfolk (level 25, 200/200 HPs)
             Began as a Merfolk Shapeshifter on Feb 12, 2024.
             Was the Champion of Makhleb.
             Escaped with the Orb
             ... and 3 runes!
             The game lasted 02:43:28 (43955 turns).

EonDragon20 the Shapeless Merfolk (MfSh)           Turns: 43955, Time: 02:43:29

Health: 200/200    AC: 15    Str: 21      XL:     25   Next: 83%
Magic:  34/34      EV: 56    Int: 10 (11) God:    Makhleb [******]
Gold:   4631       SH:  0    Dex: 13      Spells: 24/24 levels left

rFire   . .          .
                       - Unarmed
rCold   . . .        (shield currently unavailable)
rNeg    . . .        a - melded +1 animal skin
rPois   ∞            R - melded +0 mask of the Dragon {Will+ Slay+3 SInv}
rElec   +            g - melded +2 ratskin cloak {*Rats rPois rN+ Str-1 Int-1 Dex+1}
rCorr   +            (gloves currently unavailable)
SInv    .            (boots currently unavailable)
Will    +....        j - amulet of regeneration
Stlth   +            e - ring of resist corrosion
HPRegen 1.33/turn    H - +5 ring of evasion
MPRegen 0.24/turn

%: random rage (3%)
@: storm-form, flying, glowing
A: cleaving, insubstantial, flying, (nimble swimmer 2), (mertail), berserk 1,
clumsy 2, deterioration 1, frail 1, (poison resistance), teleportitis 2,
inability to drink after injury 1, persistent drain
0: Orb of Zot
}: 3/15 runes: decaying, abyssal, gossamer
a: Blinkbolt, Begin Untransformation, Renounce Religion, Minor Destruction,
Lesser Servant of Makhleb, Major Destruction, Greater Servant of Makhleb


You escaped.
You worshipped Makhleb.
Makhleb was exalted by your worship.
You were a lightning-filled tempest!
You visited 7 branches of the dungeon, and saw 41 of its levels.
You visited the Abyss 1 time.
You also visited: Ossuary.

You collected 5181 gold pieces.
You spent 550 gold pieces at shops.

Inventory:

Armour
 a - a +1 animal skin (melded)
 g - the +2 ratskin cloak (melded) {*Rats rPois rN+ Str-1 Int-1 Dex+1}
   (You found it on level 7 of the Dungeon)

   *Rats:     When the wearer is hurt, rats may emerge from it to assist them.
   Str-1:     It affects your strength (-1).
   Int-1:     It affects your intelligence (-1).
   Dex+1:     It affects your dexterity (+1).
   rPois:     It protects you from poison rN+: It protects you from negative
   energy.
 R - the +0 mask of the Dragon (melded) {Will+ Slay+3 SInv}
   (You found it on level 4 of the Spider Nest)

   Slay+3:    It affects your accuracy & damage with ranged weapons and melee
   (+3).
   Will+:     It increases your willpower.
   SInv:      It lets you see invisible.
Jewellery
 c - the ring of Shadows {Umbra +Inv Stlth+}
   (You found it on level 3 of the Depths)

   [ring of stealth]

   Umbra:     It surrounds you with an aura of shadow, increasing your stealth
   and reducing the accuracy of all others within it.
   +Inv:      It lets you turn invisible.
   Stlth+:    It makes you more stealthy.
 e - a ring of resist corrosion (left fist)
 j - an amulet of regeneration (around neck)
 H - a +5 ring of evasion (right fist)
 M - a ring of positive energy
 P - a ring of protection from fire
Talismans
 d - a flux talisman
 m - a storm talisman (active)
 o - a granite talisman
 E - a maw talisman
Wands
 t - a wand of flame (128)
 v - a wand of mindburst (26)
 w - a wand of polymorph (19)
 x - a wand of charming (23)
 D - a wand of quicksilver (34)
 Q - a wand of digging (12)
 T - a wand of roots (14)
Scrolls
 b - a scroll of silence
 p - 5 scrolls of fog
 s - 8 scrolls of poison
 u - 7 scrolls of enchant armour
 y - 3 scrolls of revelation
 A - 9 scrolls of enchant weapon
 F - 3 scrolls of vulnerability
 G - 7 scrolls of immolation
 I - 3 scrolls of brand weapon
 J - 8 scrolls of teleportation
 K - 21 scrolls of identify
 L - 8 scrolls of amnesia
 N - 6 scrolls of fear
 W - 2 scrolls of blinking
 Y - a scroll of torment
 Z - 3 scrolls of summoning
Potions
 f - 21 potions of curing
 h - 6 potions of attraction
 i - 7 potions of might
 k - 5 potions of degeneration
 l - 7 potions of ambrosia
 n - 7 potions of mutation
 q - 6 potions of brilliance
 r - a potion of haste
 z - 6 potions of lignification
 B - 3 potions of invisibility
 C - 6 potions of heal wounds
 O - 5 potions of magic
 S - 3 potions of cancellation
 U - 3 potions of berserk rage
 V - 5 potions of resistance
 X - 3 potions of enlightenment


   Skills:
 * Level 24.1 Fighting
 * Level 24.8 Dodging
 * Level 24.0 Unarmed Combat
 - Level 15.6 Invocations
 - Level 4.6 Evocations
 O Level 27 Shapeshifting


You had 24 spell levels left.
You didn't know any spells.
Your spell library contained the following spells:

 Spells                   Type           Power      Damage    Failure   Level
 Foxfire                  Conj/Fire      0%         2x1d4     36%         1
 Kiss of Death            Conj/Necr      0%         2d5       36%         1
 Magic Dart               Conj           0%         1d3       36%         1
 Ensorcelled Hibernation  Hex/Ice        0%         N/A       50%         2
 Jinxbite                 Hex            0%         N/A       50%         2
 Scorch                   Fire           0%         2d5       50%         2
 Searing Ray              Conj           0%         2d4       50%         2
 Fugue of the Fallen      Necr           0%         N/A       75%         3
 Gell's Gravitas          Tloc           0%         N/A       75%         3
 Inner Flame              Hex/Fire       0%         N/A       75%         3
 Ozocubu's Armour         Ice            0%         N/A       75%         3
 Summon Ice Beast         Ice/Summ       0%         N/A       75%         3
 Teleport Other           Tloc           0%         N/A       75%         3
 Anguish                  Hex/Necr       0%         N/A       98%         4
 Animate Dead             Necr           0%         N/A       98%         4
 Cause Fear               Hex            0%         N/A       98%         4
 Flame Wave               Conj/Fire      0%         2d4       98%         4
 Fulminant Prism          Conj/Alch      0%         3d5       98%         4
 Iskenderun's Mystic Bla  Conj/Tloc      0%         2d3       98%         4
 Manifold Assault         Tloc           0%         N/A       98%         4
 Sticky Flame             Fire/Alch      0%         2d4       98%         4
 Borgnjor's Vile Clutch   Necr/Erth      0%         N/A       100%        5
 Metabolic Englaciation   Hex/Ice        0%         N/A       100%        5
 Summon Mana Viper        Hex/Summ       0%         N/A       100%        5
 Death Channel            Necr           0%         N/A       100%        6
 Dispersal                Tloc           0%         N/A       100%        6
 Plasma Beam              Fire/Air       0%         2x1d10    100%        6
 Sculpt Simulacrum        Ice/Alch       0%         N/A       100%        6
 Starburst                Conj/Fire      0%         6d3       100%        6
 Summon Cactus Giant      Summ           0%         N/A       100%        6
 Enfeeble                 Hex            0%         N/A       100%        7
 Malign Gateway           Summ/Tloc      0%         N/A       100%        7
 Monstrous Menagerie      Summ           0%         N/A       100%        7
 Discord                  Hex            0%         N/A       100%        8
 Disjunction              Tloc           0%         N/A       100%        8
 Summon Horrible Things   Summ           0%         N/A       100%        8


Dungeon Overview and Level Annotations

Branches:
Dungeon (15/15)            Temple (0/1) D:7            Lair (5/5) D:9
  Swamp (4/4) Lair:3       Spider (4/4) Lair:2        Slime (0/5) Lair:5
    Orc (0/2) D:11         Vaults (4/5) D:14          Crypt (0/3) Vaults:3
 Depths (4/4) D:15            Zot (5/5) Depths:4    Ossuary (visited)

Altars:
Ashenzari
Dithmenos
Fedhas
Hepliaklqana
Kikubaaqudgha
Makhleb
Nemelex Xobeh
Okawaru
Qazlal
Ru
Xom
Yredelemnul
Jiyva

Shops:
D:5 =   D:8 :[(!   D:11 *   D:14 [   Vaults:2 (:   Depths:1 *

Portals:
Hell: Depths:1 Depths:2 Depths:3 Depths:4
Abyss: Depths:3 Depths:4
Pandemonium: Depths:2
Ziggurat: Depths:2

Annotations:
D:14 5 transporters
Swamp:3 exclusion: 2 ice statues
Swamp:4 Lernaean hydra
Depths:2 2 runed translucent doors, exclusion: 2 angels, Himmaryad's ghost, adept TrMo
Zot:4 2 transporters, Purph's ghost, master DsGl


Innate Abilities, Weirdness & Mutations

You are a lightning-filled tempest!
Your electrical attacks strike out in all directions at once.
You are incredibly evasive.
Your insubstantial body is immune to petrification, constriction, and being set on fire You are flying.
Your armour is entirely melded.
You are incapable of wielding weapons or throwing items.
You are immune to poison.
((You are very nimble when in or above water. (Stealth+, EV+, Speed+++)))
((Your lower body shifts to a powerful aquatic tail in water.))
You sometimes lose your temper in combat.
You are very clumsy. (Dex -4)
Your body sometimes deteriorates upon taking damage.
You are frail. (-10% HP)
((Your system is resistant to poisons. (rPois)))
You are often teleported next to monsters.
You occasionally lose the ability to drink potions when taking damage.
Your health recovers twice as slowly from being drained.


Message History

The hell hog breathes fire at you.
The fireball explodes!
The fireball engulfs you!
A chaos spawn comes into view.
The hell hog breathes fire at you.
The fireball explodes!
The fireball engulfs you!!
There is an open door here.
You reach down and close the door.
There is an open door here.
There is a stone staircase leading up here.
You fly upwards.
There is a stone staircase leading down here.
You see here 5 stones.
There is an open door here.
A hellwing comes into view.
The hellwing completely misses you. x2
A red film seems to cover your vision as you go berserk!
You feel yourself moving faster!
You feel mighty!
You blast the hellwing!!!
You kill the hellwing!
Makhleb accepts your kill.
You feel better.
You feel a strong urge to attack something.
You feel your anger nearly subside.
You are no longer berserk.
You are exhausted.
You feel yourself slow down.
There is a stone staircase leading up here.
You start waiting.
You feel yourself speed up.
You start waiting.
You recover from your berserk rage.
You fly upwards.
There is a stone staircase leading down here.
There is an open door here.
An angel comes into view. It is wielding a +3 whip of holy wrath.
The angel moves out of view.
A Tzitzimitl comes into view.
There is a staircase leading out of the dungeon here.
The Tzitzimitl engulfs you but does no damage.
The Tzitzimitl closely misses you. The angel completely misses you. x2
You have escaped!

.....# #### #....# #.#
#.### #....# P....#....#
#.# #.### #....#
P.PPP#....# #.# #.#..
#....# .P..P#.#..# #.#
#.#.. #.[..# ♣P...#.#..#
#.# #.### #....#
.PP.♣#....# #.# #....
#....# P.P..#....# #.#
#..## ######
...PP#.A1.###'######...#
P..♣♣#.v..#..........###
♣.♣.#....#..........# #
.....#....#..........# #
.♣♣.P#....#..........#
...P#.#..#..........#
P.PP.#.#..#..........#
P♣.PP#...............#
..PP#...#...........# ##
#...............#


You could see a Tzitzimitl and an angel.

Vanquished Creatures
  2 pandemonium lords
  2 ancient liches (Zot:5)
  5 dread liches
  3 orbs of fire (Zot:5)
  Mara (Vaults:3)
  Sojobo (Vaults:3)
  Xtahua (Vaults:4)
  13 Killer Klowns
  Boris (Depths:2)
  A caustic shrike (Depths:3)
  3 curse toes
  Saint Roka (Depths:2)
  7 golden dragons
  2 bone dragons
  3 doom hounds (Depths:1)
  2 Tzitzimimeh (Depths:1)
  4 electric golems
  A Hell Sentinel (Abyss:3)
  4 liches
  10 tentacled monstrosities
  26 Orb Guardians
  An Ice Fiend (Zot:5)
  Asterion (Depths:2)
  A titan (Depths:3)
  5 quicksilver dragons
  Grunn (Depths:2)
  A walking frostbound tome (Depths:3)
  An ancient champion (Vaults:3)
  4 sphinxes
  5 tentacled starspawn (Abyss:3)
  A thorn hunter (Abyss:3)
  6 shadow dragons
  Roxanne (D:15)
  7 death cobs
  4 storm dragons
  3 tengu reavers
  5 draconian monks
  A protean progenitor (Zot:3)
  6 draconian knights
  A demonspawn warmonger (D:10)
  2 emperor scorpions (Spider:4)
  4 fire giants
  10 draconian shifters
  7 frost giants
  5 draconian scorchers
  2 angels
  11 vault wardens
  A balrug (Zot:5)
  7 reapers
  2 broodmothers
  11 ironbound preservers
  A spriggan defender (Depths:2)
  4 draconian stormcallers
  10 ghost moths
  A juggernaut skeleton (Abyss:2)
  3 formless jellyfish
  A demonspawn blood saint (Zot:5)
  6 draconian annihilators
  7 stone giants
  A deep elf demonologist (Depths:3)
  23 very ugly things
  Nessos (Lair:3)
  14 black draconians
  11 green draconians
  9 dire elephants
  5 ironbound thunderhulks
  8 vampire knights
  2 putrid mouths (Depths:1)
  10 white draconians
  10 purple draconians
  6 bunyips
  5 eleionomae
  12 yellow draconians
  5 starcursed masses (Abyss:3)
  12 red draconians
  11 spark wasps
  7 ettins
  An eidolon (Abyss:2)
  A blizzard demon (Depths:2)
  7 fire dragons
  A crystal guardian (Abyss:3)
  A merfolk impaler (Depths:2)
  Josephine (D:13)
  4 entropy weavers
  3 vault guards
  6 great orbs of eyes
  4 ice dragons
  5 rakshasas
  15 hydras
  A ghost crab (Swamp:4)
  4 spriggan air magi
  A peacekeeper (Vaults:2)
  5 ironbound frosthearts
  8 yaktaur captains
  3 jorogumos
  10 alligators
  An ogre mage (D:15)
  5 boulder beetles
  A spriggan skeleton (Abyss:3)
  A death yak (Lair:5)
  A death knight (D:15)
  7 centaur warriors
  8 two-headed ogres
  2 radroaches
  3 vampire magi
  6 death scarabs (Spider:4)
  3 sphinx skeletons
  A satyr (Abyss:3)
  An orc high priest (Depths:1)
  9 deep troll earth magi
  4 tengu warriors
  5 demonic crawlers
  2 spriggan berserkers (Depths:4)
  3 deep troll shamans
  3 occultists
  7 soul eaters
  6 thrashing horrors (Abyss:3)
  2 sun demons
  4 wretched stars (Abyss:3)
  12 hell knights
  Sonja (D:10)
  2 sixfirhies
  A spark wasp zombie (D:15)
  9 pharaoh ants
  A shadow wraith (Abyss:3)
  5 iron trolls
  2 skysharks
  A salamander mystic (Depths:1)
  4 goliath frogs
  A golden dragon zombie (Depths:2)
  A death drake (Swamp:2)
  8 orb spiders
  7 skeletal warriors
  11 swamp dragons
  2 flayed ghosts
  4 glowing orange brains
  3 spriggan druids (Swamp:2)
  49 deep trolls
  9 large abominations
  12 arcanists
  2 spectral wolf spiders (Spider:4)
  2 bog bodies
  7 steelbarb worms
  6 phantasmal warriors
  A shadow demon (Zot:5)
  A harpy (shapeshifter) (D:13)
  5 harpies (Vaults:2)
  2 orc knights
  15 lindwurms
  4 necromancers
  13 ironbound convokers
  Pikel (D:4)
  6 deep elf pyromancers
  A broodmother zombie (Spider:4)
  An orc sorcerer (Depths:2)
  16 wolf spiders
  A manticore (shapeshifter) (Depths:2)
  37 ugly things
  5 worldbinders (Abyss:3)
  3 cyclopes
  26 moths of wrath
  A tengu skeleton (Depths:2)
  4 will-o-the-wisps
  19 elephants
  An apocalypse crab (Abyss:3)
  3 salamanders (Depths:1)
  6 black mambas
  23 vault sentinels
  4 meliai
  2 molten gargoyles
  6 torpor snails
  10 cane toads
  2 guardian serpents (Abyss:3)
  A gargoyle (D:13)
  A guardian serpent (shapeshifter) (D:15)
  A kobold demonologist (D:9)
  5 efreet
  6 smoke demons
  2 unseen horrors
  An ice devil (Lair:5)
  7 komodo dragons
  A komodo dragon (shapeshifter) (D:14)
  2 freezing wraiths (D:15)
  51 yaktaurs
  6 spectral redbacks (Spider:4)
  4 tormentors
  5 rime drakes
  A yaktaur (shapeshifter) (Depths:4)
  A tengu conjurer (D:14)
  2 ancient zymes (Abyss:3)
  17 hornets
  A hellwing (D:2)
  7 tyrant leeches
  A spectral culicivora (Spider:4)
  4 polar bears
  2 spectral tarantellas (Spider:4)
  2 spectral jumping spiders (Spider:4)
  3 trolls
  A wolf spider simulacrum (D:15)
  14 tarantellas
  A glass eye (shapeshifter) (Depths:3)
  12 blink frogs
  A tarantella zombie (Spider:4)
  A culicivora zombie (Spider:4)
  2 raiju (Abyss:3)
  2 jumping spider zombies (Spider:4)
  A spriggan zombie (D:15)
  2 human simulacra (Vaults:3)
  24 jumping spiders
  A shadow (D:9)
  4 water elementals
  24 culicivoras
  17 slime creatures
  14 spriggans
  11 wraiths
  4 basilisks
  2 ynoxinuls
  40 yaks
  A vampire (D:9)
  3 wyverns
  4 fire bats (Depths:1)
  A warg (D:11)
  2 fire elementals
  A steam dragon (D:7)
  35 redbacks
  25 vampire mosquitoes
  12 humans
  10 swamp worms
  A glowing shapeshifter zombie (Depths:2)
  2 acid dragons
  4 hell hounds (Lair:5)
  9 water moccasins
  A glowing shapeshifter skeleton (Vaults:3)
  5 orc warriors
  8 swamp drakes
  7 laughing skulls (Abyss:3)
  5 ogres
  An ice beast (D:6)
  A sky beast (D:7)
  12 wolves
  A human skeleton (Vaults:3)
  4 boggarts (Vaults:3)
  7 centaurs
  A lemure (D:4)
  A phantom (D:5)
  A kobold brigand (D:8)
  3 weeping skulls (Abyss:3)
  2 elf zombies (Ossuary)
  3 necrophages (Lair:2)
  17 bullfrogs
  9 scorpions
  4 small abominations
  A gnoll sergeant (D:10)
  12 wights
  13 killer bees
  4 howler monkeys
  A bombardier beetle (D:6)
  4 lava snakes (Lair:1)
  5 centaur zombies (Ossuary)
  A gnoll bouda (D:7)
  9 orc priests
  6 hounds
  3 human zombies (Ossuary)
  6 jellies
  2 iron imps
  2 sleepcaps
  4 iguanas
  Natasha (twice) (D:2)
  7 orc wizards
  4 hell rats (D:7)
  A crocodile zombie (Ossuary)
  3 mummies (Ossuary)
  3 adders
  6 gnolls
  11 river rats (D:7)
  2 shadow imps (D:6)
  A white imp (D:7)
  4 ufetubi
  A dart slug (D:4)
  5 ribbon worms
  34 orcs
  7 endoplasms
  4 giant cockroaches
  9 goblins
  3 hobgoblins
  8 kobolds
  3 quokkas
  7 ball pythons
  7 bats
  4 frilled lizards
  4 rats (D:2)
  A lurking horror (Abyss:3)
  8 starspawn tentacles (Abyss:3)
1679 creatures vanquished.

Vanquished Creatures (collateral kills)
  A spriggan defender (Depths:3)
  A stone giant (Depths:2)
  A great orb of eyes (Vaults:3)
  A catoblepas (D:13)
  An ironbound convoker (Vaults:1)
  A wolf spider (Spider:4)
  A tormentor (Depths:1)
  A tarantella (Spider:1)
  A yak (D:9)
  2 killer bees (D:9)
  An orc priest (D:9)
12 creatures vanquished.

Vanquished Creatures (others)
  A draconian knight (Zot:3)
  A ghost moth (Spider:4)
  A very ugly thing (Depths:3)
  2 goliath frogs (Swamp:2)
  A large abomination (D:12)
  A spectral redback (Spider:4)
  2 bloated husks
  A neqoxec (Abyss:3)
  An orc priest (Depths:2)
  A kobold (D:3)
  5 foxfires
  A lurking horror (Abyss:2)
  6 starspawn tentacles (Abyss:3)
24 creatures vanquished.

Grand Total: 1715 creatures vanquished

Notes
Turn   | Place    | Note
-------+----------+-------------------------------------------
     0 | D:1      | EonDragon20 the Merfolk Shapeshifter began the quest for
                  | the Orb.
     0 | D:1      | Reached XP level 1. HP: 15/15 MP: 1/1
   351 | D:1      | Reached XP level 2. HP: 21/21 MP: 2/2
   696 | D:2      | Reached skill level 5 in Shapeshifting
   842 | D:2      | Reached XP level 3. HP: 14/26 MP: 3/3
  1043 | D:2      | Reached skill level 6 in Shapeshifting
  1043 | D:2      | Reached XP level 4. HP: 8/32 MP: 4/4
  1421 | D:2      | Noticed Natasha
  1430 | D:2      | Killed Natasha
  1518 | D:2      | Noticed Natasha
  1562 | D:2      | Killed Natasha
  1563 | D:2      | Reached skill level 7 in Shapeshifting
  1563 | D:2      | Reached XP level 5. HP: 35/37 MP: 5/5
  2610 | D:3      | Found a broken altar of Ashenzari.
  3086 | D:4      | Reached XP level 6. HP: 31/44 MP: 6/6
  3347 | D:4      | Noticed Pikel
  3373 | D:4      | Killed Pikel
  3374 | D:4      | Reached skill level 5 in Dodging
  3374 | D:4      | Reached skill level 5 in Unarmed Combat
  3374 | D:4      | Reached XP level 7. HP: 49/54 MP: 7/7
  3851 | D:5      | Entered Level 5 of the Dungeon
  3861 | D:5      | Found Hous's Jewellery Boutique.
  3888 | D:5      | Reached XP level 8. HP: 56/61 MP: 8/8
  4066 | D:5      | Reached skill level 5 in Fighting
  5540 | D:6      | Found a burning altar of Makhleb.
  5542 | D:6      | Found a hazy altar of Hepliaklqana.
  5543 | D:6      | Found a blossoming altar of Fedhas.
  5543 | D:6      | Found an iron altar of Okawaru.
  5543 | D:6      | Found a stormy altar of Qazlal.
  5549 | D:6      | Became a worshipper of Makhleb the Destroyer
  5728 | D:6      | Reached XP level 9. HP: 58/70 MP: 9/9
  5958 | D:7      | Reached skill level 8 in Shapeshifting
  6097 | D:7      | Found a sand-covered staircase.
  6108 | D:7      | Reached skill level 9 in Shapeshifting
  6135 | Ossuary  | Entered an ossuary
  6256 | Ossuary  | Reached * piety under Makhleb
  6308 | Ossuary  | Reached skill level 10 in Shapeshifting
  6598 | D:7      | Found a staircase to the Ecumenical Temple.
  6717 | D:7      | Found a sacrificial altar of Ru.
  6818 | D:5      | Bought a maw talisman for 390 gold pieces
  7229 | D:7      | Reached ** piety under Makhleb
  7238 | D:7      | Found the +2 ratskin cloak {*Rats rPois rN+ Str-1 Int-1
                  | Dex+1}
  7345 | D:7      | Reached XP level 10. HP: 70/70 MP: 10/10
  7431 | D:8      | Found Jelae's Distillery.
  7431 | D:8      | Found Lego's Weapon Emporium.
  7431 | D:8      | Found Cooda's Antique Armour Emporium.
  7460 | D:8      | Found Boanexal's Book Boutique.
  7582 | D:8      | Found a sparkling altar of Nemelex Xobeh.
  7646 | D:8      | Found a basalt altar of Yredelemnul.
  7794 | D:8      | Identified the +0 chain mail "Kuabeh" {Dex+4}
  8156 | D:9      | Paralysed by a hornet for 2 turns
  8788 | D:9      | Reached skill level 11 in Shapeshifting
  8877 | D:9      | Noticed a boulder beetle
  9043 | D:9      | Noticed a kobold demonologist
  9222 | D:9      | Reached skill level 12 in Shapeshifting
  9258 | D:9      | Reached *** piety under Makhleb
  9289 | D:9      | Noticed a two-headed ogre
  9296 | D:9      | Killed a two-headed ogre
  9297 | D:9      | Reached skill level 13 in Shapeshifting
  9316 | D:9      | Found a staircase to the Lair.
  9326 | D:9      | Killed a kobold demonologist
  9327 | D:9      | Reached XP level 11. HP: 86/86 MP: 11/11
  9562 | Lair:1   | Entered Level 1 of the Lair of Beasts
  9571 | Lair:1   | Found a gate leading to a gauntlet.
  9600 | D:9      | Reached skill level 14 in Shapeshifting
  9925 | Lair:1   | Reached skill level 15 in Shapeshifting
 10176 | Lair:1   | Reached skill level 16 in Shapeshifting
 10473 | Lair:1   | Reached **** piety under Makhleb
 10474 | Lair:1   | Reached skill level 10 in Dodging
 10481 | Lair:1   | Reached XP level 12. HP: 93/93 MP: 12/12
 11068 | Lair:2   | Noticed a seven-headed hydra
 11080 | Lair:2   | Killed a seven-headed hydra
 11213 | Lair:2   | Found a hole to the Spider Nest.
 11670 | Lair:3   | Reached skill level 10 in Unarmed Combat
 11788 | Lair:3   | Noticed Nessos
 11801 | Lair:3   | Reached skill level 10 in Fighting
 11810 | Lair:3   | Killed Nessos
 11858 | Lair:3   | Found a staircase to the Swamp.
 12065 | Lair:3   | Noticed a skyshark
 12071 | Lair:3   | Killed a skyshark
 12072 | Lair:3   | Reached XP level 13. HP: 104/104 MP: 13/13
 12756 | Lair:4   | Reached ***** piety under Makhleb
 13400 | Lair:5   | Entered Level 5 of the Lair of Beasts
 13634 | Lair:5   | Found a viscous altar of Jiyva.
 13671 | Lair:5   | Found a staircase to the Slime Pits.
 14153 | Lair:5   | Reached XP level 14. HP: 116/116 MP: 14/14
 14161 | Lair:5   | Found a burning altar of Makhleb.
 14369 | D:10     | Entered Level 10 of the Dungeon
 14369 | D:10     | Noticed Sonja
 14432 | D:9      | Reached skill level 15 in Dodging
 14442 | D:9      | Identified the orb "Axot Wamurgh" {light, rCorr}
 14647 | D:10     | Found an ancient bone altar of Kikubaaqudgha.
 14808 | D:10     | Found a shimmering altar of Xom.
 14863 | D:10     | Killed Sonja
 15083 | D:11     | Identified the +1 morningstar "Fakeump" {antimagic, rF+
                  | Int+5 Dex-4}
 15256 | D:11     | Found a staircase to the Orcish Mines.
 15323 | D:11     | Found Moutenom's Assorted Antiques.
 15474 | D:11     | Bought a runed granite ring for 160 gold pieces
 15892 | D:12     | Reached ****** piety under Makhleb
 16894 | D:13     | Noticed Josephine
 16901 | D:13     | Killed Josephine
 17561 | D:14     | Found a transporter.
 17589 | D:14     | Found Rurghecef's Armour Boutique.
 17626 | D:14     | Found a transporter.
 17626 | D:14     | Found a transporter.
 17635 | D:14     | Reached XP level 15. HP: 126/126 MP: 15/15
 17757 | D:14     | Noticed a fire giant
 17758 | D:14     | Found a transporter.
 17775 | D:14     | Found a transporter.
 17917 | D:14     | Found a gate to the Vaults.
 18305 | Swamp:1  | Entered Level 1 of the Swamp
 18799 | Swamp:2  | Reached skill level 15 in Unarmed Combat
 18865 | Swamp:2  | Reached skill level 15 in Fighting
 19598 | Swamp:3  | Found a glacial archway.
 20095 | Swamp:4  | Entered Level 4 of the Swamp
 20122 | Swamp:3  | Reached XP level 16. HP: 138/138 MP: 16/16
 20152 | Swamp:4  | Noticed a tentacled monstrosity
 20161 | Swamp:4  | Killed a tentacled monstrosity
 20266 | Spider:1 | Entered Level 1 of the Spider Nest
 23018 | Spider:3 | Reached XP level 17. HP: 147/147 MP: 17/17
 23382 | Spider:4 | Entered Level 4 of the Spider Nest
 23678 | Swamp:4  | Noticed the 27-headed Lernaean hydra
 24654 | Spider:4 | Found the +0 mask of the Dragon {Will+ Slay+3 SInv}
 24739 | Spider:4 | Got a gossamer rune of Zot
 25714 | Swamp:4  | Got a decaying rune of Zot
 25760 | Swamp:4  | Reached XP level 18. HP: 160/160 MP: 18/18
 25942 | D:15     | Entered Level 15 of the Dungeon
 26238 | D:15     | Noticed Roxanne
 26562 | D:15     | Found a staircase to the Depths.
 26898 | Vaults:1 | Entered Level 1 of the Vaults
 27378 | Vaults:1 | You fall into a shaft and drop 1 floor!
 28006 | Vaults:1 | Reached skill level 17 in Shapeshifting
 28011 | Vaults:1 | Reached skill level 1 in Invocations
 28063 | Vaults:1 | Reached XP level 19. HP: 170/170 MP: 21/21
 28417 | Vaults:2 | Reached skill level 5 in Invocations
 28686 | Vaults:2 | Found Ceane's Weapon Shoppe.
 28907 | Vaults:2 | Found Ixkykkue's Book Emporium.
 29068 | Vaults:2 | Reached skill level 10 in Invocations
 29544 | Vaults:3 | Found a staircase to the Crypt.
 29844 | Vaults:3 | Noticed Sojobo
 29857 | Vaults:3 | Killed Sojobo
 29956 | Vaults:3 | Reached XP level 20. HP: 177/177 MP: 30/30
 30552 | Vaults:3 | Noticed Mara
 30561 | Vaults:3 | Noticed EonDragon20's illusion
 30561 | Vaults:3 | Killed Mara
 30856 | Vaults:4 | Reached skill level 15 in Invocations
 31140 | Vaults:4 | Reached skill level 1 in Evocations
 31881 | Vaults:4 | Noticed Xtahua
 31898 | Vaults:4 | Killed Xtahua
 32200 | Depths:1 | Entered Level 1 of the Depths
 32420 | Depths:1 | Found Asiasil's Assorted Antiques.
 32568 | Depths:1 | Reached skill level 18 in Shapeshifting
 32895 | Depths:1 | Found a sacrificial altar of Ru.
 32933 | Depths:1 | Found a gateway to Hell.
 33170 | Depths:2 | Noticed Grunn
 33170 | Depths:2 | Noticed a doom hound
 33171 | Depths:2 | Noticed a doom hound
 33171 | Depths:2 | Noticed a doom hound
 33179 | Depths:2 | Killed Grunn
 33313 | Depths:1 | Noticed a Tzitzimitl
 33314 | Depths:1 | Killed a doom hound
 33315 | Depths:1 | Reached skill level 19 in Shapeshifting
 33324 | Depths:1 | Killed a Tzitzimitl
 33325 | Depths:1 | Reached XP level 21. HP: 111/181 MP: 32/32
 33350 | Depths:1 | Noticed a bone dragon
 33413 | Depths:1 | Killed a bone dragon
 33574 | Depths:2 | Found a one-way gateway to a ziggurat.
 33678 | Depths:2 | Noticed Saint Roka
 33856 | Depths:1 | Reached skill level 20 in Shapeshifting
 33981 | Depths:2 | Killed Saint Roka
 34018 | Depths:2 | Found a large runed translucent door.
 34018 | Depths:2 | Found a large runed translucent door.
 34020 | Depths:2 | Noticed Himmaryad's ghost (adept TrMo)
 34221 | Depths:2 | Found a one-way gate leading to the halls of Pandemonium.
 34321 | Depths:2 | Noticed Asterion
 34330 | Depths:2 | Killed Asterion
 34338 | Depths:2 | Reached skill level 21 in Shapeshifting
 35233 | Depths:3 | Identified the +0 leather armour of Syndicalism {Fly}
 35267 | Depths:3 | Reached skill level 22 in Shapeshifting
 35277 | Depths:3 | Found a shimmering altar of Xom.
 35331 | Depths:3 | Noticed Boris
 35418 | Depths:2 | Killed Boris
 35526 | Depths:3 | Found a one-way gate to the infinite horrors of the Abyss.
 35706 | Depths:3 | Noticed a caustic shrike
 35713 | Depths:3 | Noticed a dread lich
 35722 | Depths:3 | Killed a caustic shrike
 35723 | Depths:3 | Reached skill level 23 in Shapeshifting
 35730 | Depths:3 | Killed a dread lich
 35735 | Depths:3 | Reached XP level 22. HP: 153/192 MP: 33/33
 35852 | Depths:3 | Identified the +1 robe of Domeic {Fly rPois Dex-4 Stlth+}
 35886 | Depths:3 | Found the ring of Shadows {Umbra +Inv Stlth+}
 35888 | Depths:3 | Identified the +6 plate armour of the Furrier {Fly rElec
                  | Dex+2}
 35889 | Depths:3 | Identified the +7 flail of the Salmon {protect, rF+ Int+4}
 36165 | Depths:3 | Voluntarily entered the Abyss.
 36535 | Abyss:3  | Found a corrupted altar of Lugonu.
 36679 | Abyss:3  | Reached skill level 24 in Shapeshifting
 36866 | Abyss:3  | Got an abyssal rune of Zot
 36972 | Abyss:3  | Reached skill level 25 in Shapeshifting
 37150 | Depths:3 | Escaped the Abyss
 37163 | Depths:4 | Entered Level 4 of the Depths
 37185 | Depths:4 | Noticed a golden dragon
 37246 | Depths:4 | Reached skill level 26 in Shapeshifting
 37255 | Depths:4 | Killed a golden dragon
 37428 | Depths:4 | Identified the orb "Qilo" {light, -Tele MP-9 Str+7}
 37488 | Depths:4 | Paralysed by a vampire knight for 5 turns
 37495 | Depths:4 | Reached XP level 23. HP: 175/198 MP: 34/34
 37653 | Depths:4 | Noticed a golden dragon
 37658 | Depths:4 | Killed a golden dragon
 37697 | Depths:4 | Reached skill level 27 in Shapeshifting
 37825 | Depths:4 | Found a gate to the Realm of Zot.
 38075 | Zot:1    | Entered Level 1 of the Realm of Zot
 38644 | Zot:2    | Got the Handbook of the Wyrd and Concussion
 39216 | Zot:2    | Noticed a golden dragon
 39401 | Zot:3    | Noticed a golden dragon
 39422 | Zot:3    | Killed a golden dragon
 39655 | Zot:3    | Noticed a golden dragon
 39678 | Zot:3    | Killed a golden dragon
 39775 | Zot:3    | Noticed a golden dragon
 39785 | Zot:3    | Noticed a curse toe
 39786 | Zot:3    | Killed a golden dragon
 39797 | Zot:3    | Killed a curse toe
 39861 | Zot:3    | Noticed a dread lich
 39861 | Zot:3    | Paralysed by a dread lich for 2 turns
 39861 | Zot:3    | Noticed a dread lich
 39863 | Zot:3    | Noticed a dread lich
 39864 | Zot:3    | Noticed a dread lich
 39917 | Zot:3    | Killed a dread lich
 39924 | Zot:3    | Killed a dread lich
 39926 | Zot:3    | Killed a dread lich
 39928 | Zot:3    | Noticed a curse toe
 39938 | Zot:3    | Killed a dread lich
 39939 | Zot:3    | Reached XP level 24. HP: 210/210 MP: 34/34
 39946 | Zot:3    | Killed a curse toe
 39985 | Zot:3    | Found the +0 pair of fencer's gloves {Riposte Dex+3}
 40934 | Zot:4    | Noticed a Killer Klown
 40946 | Zot:4    | Killed a Killer Klown
 41006 | Zot:4    | Noticed Purph's ghost (master DsGl)
 41006 | Zot:4    | Noticed a shard shrike
 41006 | Zot:4    | Noticed a shard shrike
 41014 | Zot:4    | Noticed a caustic shrike
 41015 | Zot:4    | Noticed a caustic shrike
 41019 | Zot:4    | Found the +11 plutonium sword {^Contam Stlth-}
 41022 | Zot:4    | Found a transporter.
 41025 | Zot:4    | Noticed a caustic shrike
 41040 | Zot:4    | Found a transporter.
 41100 | Zot:4    | Noticed a Killer Klown
 41101 | Zot:4    | Noticed a Killer Klown
 41107 | Zot:4    | Killed a Killer Klown
 41114 | Zot:4    | Killed a Killer Klown
 41253 | Zot:5    | Entered Level 5 of the Realm of Zot
 41786 | Zot:5    | Noticed an ancient lich
 41786 | Zot:5    | Noticed a curse toe
 42038 | Zot:5    | Killed a curse toe
 42135 | Zot:5    | Killed an ancient lich
 42170 | Zot:5    | Noticed a Killer Klown
 42170 | Zot:5    | Noticed a Killer Klown
 42170 | Zot:5    | Noticed a Killer Klown
 42189 | Zot:5    | Killed a Killer Klown
 42199 | Zot:5    | Killed a Killer Klown
 42224 | Zot:5    | Killed a Killer Klown
 42324 | Zot:5    | Noticed a Killer Klown
 42372 | Zot:5    | Noticed a Killer Klown
 42394 | Zot:5    | Killed a Killer Klown
 42396 | Zot:5    | Noticed a Killer Klown
 42405 | Zot:5    | Noticed an orb of fire
 42410 | Zot:5    | Gained mutation: Your health recovers twice as slowly from
                  | being drained. [an orb of fire]
 42414 | Zot:5    | Killed an orb of fire
 42415 | Zot:5    | Reached XP level 25. HP: 185/221 MP: 34/34
 42419 | Zot:5    | Killed a Killer Klown
 42702 | Zot:5    | Gained mutation: You are clumsy. (Dex -2) [mutagenic glow]
 42717 | Zot:5    | Gained mutation: You have hidden genetic defects.
                  | [mutagenic glow]
 42829 | Zot:5    | Noticed a Killer Klown
 42829 | Zot:5    | Noticed an ancient lich
 42837 | Zot:5    | Noticed a Killer Klown
 42842 | Zot:5    | Noticed an orb of fire
 42845 | Zot:5    | Killed an ancient lich
 42855 | Zot:5    | Killed an orb of fire
 42860 | Zot:5    | Killed a Killer Klown
 42874 | Zot:5    | Killed a Killer Klown
 42882 | Zot:5    | Noticed an orb of fire
 42887 | Zot:5    | Gained mutation: Your system is resistant to poisons.
                  | (rPois) [an orb of fire]
 42900 | Zot:5    | Killed an orb of fire
 43009 | Zot:5    | Noticed a Killer Klown
 43015 | Zot:5    | Killed a Killer Klown
 43075 | Zot:5    | Gained mutation: You are frail. (-10% HP) [hidden defects]
 43190 | Zot:5    | Noticed a Killer Klown
 43197 | Zot:5    | Killed a Killer Klown
 43254 | Zot:5    | Got the Orb of Zot
 43285 | Zot:5    | Noticed Cuhak the pandemonium lord
 43293 | Zot:5    | Gained mutation: You are very clumsy. (Dex -4) [mutagenic
                  | glow]
 43306 | Zot:5    | Killed Cuhak the pandemonium lord
 43313 | Zot:5    | Gained mutation: You occasionally lose the ability to drink
                  | potions when taking damage. [mutagenic glow]
 43335 | Zot:5    | Killed a Killer Klown
 43349 | Zot:5    | Gained mutation: You sometimes lose your temper in combat.
                  | [mutagenic glow]
 43361 | Zot:4    | Gained mutation: You are occasionally teleported next to
                  | monsters. [mutagenic glow]
 43381 | Zot:4    | Gained mutation: Your body sometimes deteriorates upon
                  | taking damage. [mutagenic glow]
 43558 | D:15     | Killed Roxanne
 43618 | D:12     | Noticed Tiux the pandemonium lord
 43744 | D:9      | Noticed Wiutoa the pandemonium lord
 43751 | D:9      | Gained mutation: You are often teleported next to monsters.
                  | [hidden defects]
 43751 | D:9      | Lost mutation: You have hidden genetic defects. [hidden
                  | defects expressed]
 43766 | D:8      | Killed Wiutoa the pandemonium lord
 43798 | D:5      | Found a shadowy altar of Dithmenos.
 43955 | D:$      | Escaped with the Orb!

Illustrated notes

Levels and vault maps discovered:
D:1:      minmay_arrival_arboretum_small, layout_basic
D:2:      layout_basic, grunt_ministairs_15, interstate_on_off, uniq_robin,
          uniq_natasha
D:3:      layout_loops_corners, mainiacjoe_overflow_catwalk
D:4:      layout_loops_corners, minmay_cupped, uniq_pikel
D:5:      layout_basic, nicolae_overflow_hidden_temple, serial_shops,
          shop_statue
D:6:      layout_gridville, grunt_temple_overflow_open
D:7:      wander_guarded_unrand_ratskin, layout_rooms, lemuel_round_altar,
          temple_hall, nicolae_ossuary_entry_monument
D:8:      layout_loops_ring, mainiacjoe_overflow_24_doors,
          kennysheep_little_box, serial_shops, shop,
          nicolae_shop_distant_corner_stores
D:9:      nzn_winding_woodlands_three_and_one
          [nzn_winding_woodlands_5x15_zeroes,
          nzn_winding_woodlands_5x15_sawtooth,
          nzn_winding_woodlands_5x15_pathside_ponds,
          nzn_winding_woodlands_center_triple_pond], layout_irregular_city,
          lair_entry_dummy
D:10:     layout_cross, kiku_gazebo_garden_becter, mainiacjoe_overflow_brackets,
          kennysheep_generic_room_2, uniq_sonja
D:11:     layout_roguey, david_orc_3, serial_shops,
          nicolae_shop_tiny_statue_garden
D:12:     layout_layer_cave
D:13:     layout_loops_corners, uniq_josephine
D:14:     gammafunk_the_bubble [the_bubble_gammafunk_roulette],
          layout_loops_ring, hellmonk_vaults_keyhole, serial_shops,
          nicolae_shop_waterfront
D:15:     gammafunk_depths_entry_grave, layout_cave_pods, uniq_roxanne
Lair:1:   layout_chaotic_city, gauntlet_entry_generic
Lair:2:   layout_regular_city, nicolae_spider_entry_non_spiders,
          roderic_carrion_pond, cheibrodos_lair_lostbears, serial_bayou_shore_b
Lair:3:   layout_small_grid, swamp_mist_pool, uniq_nessos
Lair:4:   layout_cave_pods
Lair:5:   evil_forest, layout_gridlike, nicolae_slime_entry_field_trip
Swamp:1:  layout_basic_swamp, hangedman_swamp_ruin_wall,
          infiniplex_staircase_pool_2
Swamp:2:  layout_basic_swamp, evilmike_swamp_ruin_house_6
Swamp:3:  layout_falls_marsh, portal_ice_cave_entry_ice_statue_two,
          serial_swamp_ruin, evilmike_swamp_ruin_rubble_1,
          evilmike_swamp_ruin_wall, evilmike_swamp_ruin_house_3,
          nicolae_swamp_tree_isthmus
Swamp:4:  swamp_old_school, layout_basic_swamp, swamp_pool_3,
          infiniplex_staircase_pool, nicolae_swamp_long_stream
Spider:1: layout_spider_delve
Spider:2: layout_cave_pods
Spider:3: layout_cave_pods
Spider:4: floodkiller_spider_rune_tomb
Vaults:1: nicolae_vaults_weapon_check, nicolae_vaults_little_squares_3,
          nicolae_vaults_branching_niches, nicolae_vaults_double_plus_2,
          nicolae_vaults_heart-shaped_vault, vaults_room_grid,
          nicolae_vaults_mitosis, hangedman_vaults_impose,
          hangedman_vaults_capsules, grunt_vaults_trifunnel, v_pattern_5,
          ontoclasm_vaults_loading_screen, nicolae_vaults_trapezoid_lopsided_3,
          vaults_room_pools, layout_vaults_omnicross
Vaults:2: hangedman_vaults_corner_blocks, v_misc_33, v_misc_18,
          nicolae_vaults_taking_the_gang_shopping,
          vaults_standard_mumra_enter_the_diamond,
          nicolae_vaults_closet_pinwheel_1, nicolae_vaults_yaktaur_gun_rack,
          vaults_dpeg_encased_lava, nicolae_vaults_offset_grid_hallway_3,
          nicolae_vaults_security_offices_3, layout_vaults_omnigrid,
          serial_shops, shop
Vaults:3: nicolae_vaults_diagonal_hallway_7, hangedman_vaults_pinch,
          nicolae_vaults_little_squares_2, nicolae_vaults_doubleplus_tesselated,
          v_misc_12, ontoclasm_vaults_misaligned,
          minmay_crypt_entry_simple_sparse, hangedman_vaults_slice,
          nicolae_vaults_storage_room_water, layout_vaults_ring, uniq_mara,
          uniq_sojobo
Vaults:4: mu_enter_wizlab_5, hangedman_vaults_river_flow, v_misc_33, v_misc_14,
          nicolae_vaults_hallways_thing, v_misc_9,
          nicolae_vaults_three_branches, nicolae_vaults_ring_of_whatevers,
          layout_vaults_chaotic_city, uniq_xtahua
Depths:1: layout_gridlike, hellmouth_3, serial_shops,
          nicolae_shop_overgrown_old_shop, nicolae_ru_the_path_less_chosen
Depths:2: minmay_inner_zag, layout_cave_pools, enter_ziggurat_d,
          ebering_ghost_disaster_area, grunt_pan_entry_spiral,
          minmay_misc_feat_rugged, hell_entry, solitary_fountain, uniq_asterion,
          uniq_josephina, uniq_grunn, uniq_saint_roka
Depths:3: minmay_broken_ring, layout_cave_shapes,
          nicolae_abyss_entry_one_way_or_another,
          hangedman_decor_clover_reticule, hell_entry, tgw_xom, uniq_boris
Depths:4: grunt_twist_and_shout, layout_cave_shapes, serial_glass,
          glass_columns_a, glass_columns_a, glass_columns_c, glass_columns_a,
          glass_columns_a, glass_columns_a, glass_columns_b, glass_columns_a,
          glass_columns_a, glass_columns_a, glass_columns_a, glass_columns_c,
          glass_columns_a, glass_columns_b, abyss_entry, pf_coc_iceberg
Zot:1:    layout_misc_corridors
Zot:2:    layout_gridlike, regret_index_zotdec_serpentine_scales
Zot:3:    hellmonk_paralyzer, layout_basic
Zot:4:    circus_mu, layout_misc_corridors, gammafunk_ghost_berserking_beasts,
          regret_index_zotdec_silver_v_v_orig_slice
Zot:5:    layout_twisted_circle

Skill      XL: |  1  2  3  4  5  6  7  8  9 10 11 12 13 14 15 16 17 18 19 20 21 22 23 24 25 |
---------------+----------------------------------------------------------------------------+-----
Shapeshifting  | 5 6 7 10 13 16 17 19 23 26 27 | 27.0
Dodging        | 3 5 6 7 9 10 12 14 16 18 20 21 23 24 | 24.8
Fighting       | 2 4 6 7 8 10 12 14 15 17 19 20 21 23 24 | 24.1
Unarmed Combat | 5 7 8 10 12 14 15 17 19 20 21 23 24 | 24.0
Invocations    | 3 13 15 | 15.6
Evocations     | 4 |  4.6

Action                     |  1- 3 |  4- 6 |  7- 9 | 10-12 | 13-15 | 16-18 | 19-21 | 22-24 | 25-27 || total
---------------------------+-------+-------+-------+-------+-------+-------+-------+-------+-------++-------
  Melee: Hand axe          |    51 |     3 |    82 |       |       |       |       |       |       ||   136
         Unarmed           |     5 |   196 |   358 |   575 |   978 |  1092 |  1029 |   915 |   206 ||  5354
         Punch             |     1 |       |     3 |    52 |    65 |   132 |   174 |   138 |    31 ||   596
         Maw               |       |       |    38 |   139 |       |       |       |       |       ||   177
         Tailslap          |       |       |       |       |    19 |    28 |       |       |       ||    47
 Invoke: Minor Destruction |       |       |       |       |       |     3 |       |       |       ||     3
         Greater Servant o |       |       |       |       |       |       |     2 |       |       ||     2
Ability: Blinkbolt         |       |       |       |       |       |       |       |       |     1 ||     1
  Evoke: Wand              |       |       |       |     2 |       |    21 |       |       |       ||    23
    Use: Scroll            |     3 |     4 |     8 |     8 |     6 |     5 |     5 |     1 |     2 ||    42
         Potion            |     1 |       |     3 |     5 |       |     4 |       |       |     8 ||    21
   Stab: Sleeping          |       |       |     1 |       |     1 |     1 |     1 |     2 |       ||     6
         Distracted        |       |       |       |     1 |       |     1 |     1 |       |       ||     3
         Confused          |       |       |       |       |       |     1 |       |       |       ||     1
 Armour: Animal skin       |    25 |     1 |       |       |       |       |       |       |       ||    26
         Skin              |     8 |    56 |   178 |   382 |   717 |   925 |   765 |   185 |    49 ||  3265
  Dodge: Dodged            |    34 |   164 |   358 |   611 |  1644 |  2585 |  1716 |  1029 |   198 ||  8339
   Form: Flux              |       |     1 |       |       |       |       |       |       |       ||     1
         Maw               |       |       |     1 |       |       |     2 |       |       |       ||     3
         Statue            |       |       |       |     1 |       |     2 |       |       |       ||     3
         Storm             |       |       |       |       |       |       |       |     1 |       ||     1
